 Dungeon Crawl Stone Soup version 0.23-a0-703-gdf2d5e0 (webtiles) character file.

26380 Firecrotchwizard the Fighter (level 13, -5/123 (124) HPs)
             Began as a Hill Orc Fighter on Jan 13, 2019.
             Was a High Priest of Makhleb.
             Shot with an arrow by Nessos (19 damage)
             ... on level 4 of the Lair of Beasts on Jan 14, 2019.
             The game lasted 00:42:37 (17489 turns).

Firecrotchwizard the Fighter (Hill Orc Fighter)    Turns: 17489, Time: 00:42:37

HP:   -5/123 (124)  AC: 15    Str: 24    XL:     13   Next: 25%
MP:   20/20         EV:  6    Int: 16    God:    Makhleb [*****.]
Gold: 283           SH: 15    Dex: 19    Spells: 12/12 levels left

rFire    + . .     SeeInvis .     - Unarmed
rCold    . . .     Gourm    .   b - +1 shield
rNeg     . . .     Faith    .   F - +0 plate armour
rPois    .         Spirit   .   (no helmet)
rElec    .         Reflect  .   J - +1 cloak
rCorr    .         Harm     .   C - +1 pair of gloves "Ela Neafyqa" {-Cast Int+6 Dex+5}
MR       .....     NoCast   +   (no boots)
Stlth    ..........             (no amulet)
HPRegen  0.30/turn              o - +4 ring of dexterity
MPRegen  0.17/turn              I - ring "Eciod" {rF+ Int+2}

@: lethally poisoned (-5 -> -11), about to teleport, slowed, very slow
A: no striking features
a: Minor Destruction, Lesser Servant of Makhleb, Major Destruction, Greater
Servant of Makhleb, Renounce Religion


You were on level 4 of the Lair of Beasts.
You worshipped Makhleb.
Makhleb was extremely pleased with you.
You were not hungry.

You visited 3 branches of the dungeon, and saw 16 of its levels.

You collected 730 gold pieces.
You spent 447 gold pieces at shops.

Inventory:

Missiles
 O - 5 throwing nets {=f, !d}
 R - 14 tomahawks (quivered)
Armour
 b - a +1 shield (worn)
 C - the +1 pair of gloves "Ela Neafyqa" (worn) {-Cast Int+6 Dex+5}
   (You bought it in a shop on level 6 of the Dungeon)

   It affects your intelligence (+6).
   It affects your dexterity (+5).
   It prevents spellcasting.
 F - a +0 plate armour (worn)
   (You took it off an orc warrior on level 7 of the Dungeon)
 J - a +1 cloak (worn)
   (You found it on level 9 of the Dungeon)
 L - a +0 cloak of invisibility
   (You bought it in a shop on level 10 of the Dungeon)
Jewellery
 a - an uncursed ring of protection from cold {rC+, !d}
   (You found it on level 8 of the Dungeon)
 h - an uncursed ring of resist corrosion
   (You found it on level 1 of the Dungeon)
 o - a +4 ring of dexterity (left hand)
   (You took it off a wight on level 9 of the Dungeon)
 I - the ring "Eciod" (right hand) {rF+ Int+2}
   (You found it on level 8 of the Dungeon)

   [ring of protection from fire]

   It affects your intelligence (+2).
   It protects you from fire.
Wands
 t - a wand of flame (94)
   (You found it on level 4 of the Dungeon)
 v - a wand of iceblast (10)
   (You found it on level 5 of the Dungeon)
 y - a wand of polymorph (10)
   (You took it off Blork the orc on level 6 of the Dungeon)
 B - a wand of scattershot (2)
   (You found it on level 6 of the Dungeon)
 G - a wand of enslavement (6)
   (You found it on level 8 of the Dungeon)
 H - a wand of random effects (11)
   (You found it on level 10 of the Dungeon)
 K - a wand of digging (5)
   (You found it on level 10 of the Dungeon)
 N - a wand of paralysis (3)
   (You found it on level 2 of the Lair of Beasts)
 P - a wand of acid (1)
   (You found it on level 1 of the Lair of Beasts)
Scrolls
 e - a scroll of fear
 n - a scroll of magic mapping {unknown}
 p - 10 scrolls of remove curse
 q - 2 scrolls of fog
 r - 2 scrolls of enchant weapon
 s - 4 scrolls of noise {!r}
 z - a scroll of brand weapon {unknown}
 A - a scroll of immolation {unknown}
 E - 2 scrolls of blinking {!r}
 S - a scroll of amnesia
 T - a scroll of silence {unknown}
Potions
 c - 2 potions of might
 f - 3 potions of brilliance
 g - 3 potions of invisibility
 i - 4 potions of cancellation
 j - a potion of flight {unknown}
 k - 2 potions of curing {unknown}
 l - 2 potions of heal wounds {unknown}
 m - a potion of agility
 u - a potion of lignification {unknown}
 x - a potion of degeneration {unknown}
 D - 2 potions of magic {unknown}
 M - 2 potions of ambrosia {unknown}
 Q - a potion of haste {unknown}
Miscellaneous
 U - a phial of floods
   (You found it on level 3 of the Lair of Beasts)
Comestibles
 d - 29 rations
 V - 4 chunks of flesh {@w0}


   Skills:
 + Level 14.3 Fighting
 - Level 3.2 Armour
 + Level 13.2 Shields
 * Level 12.6 Unarmed Combat
 - Level 10.3 Invocations


You had 12 spell levels left.
You didn't know any spells.
Your spell library contained the following spells:

 Spells                   Type           Power        Failure   Level  Hunger
 Beastly Appendage        Tmut           #.....       99%         1    ##.....
 Corona                   Hex            #......      99%         1    ##.....
 Magic Dart               Conj           #...         99%         1    ##.....
 Sandblast                Erth           #.....       99%         1    ##.....
 Blink                    Tloc           N/A          100%        2    ###....
 Call Imp                 Summ           #.......     100%        2    ###....
 Passwall                 Tmut/Erth      #.......     100%        2    ###....
 Slow                     Hex            #.......     100%        2    ###....
 Sticks to Snakes         Tmut           #.......     100%        2    ###....
 Conjure Flame            Conj/Fire      #.......     100%        3    ####...
 Inner Flame              Hex/Fire       #.......     100%        3    ####...
 Mephitic Cloud           Conj/Pois/Air  #.......     100%        3    ####...
 Portal Projectile        Hex/Tloc       #.....       100%        3    ####...
 Spider Form              Tmut/Pois      #.........   100%        3    ####...
 Stone Arrow              Conj/Erth      #.....       100%        3    ####...
 Cause Fear               Hex            #.........   100%        4    #####..
 Ice Form                 Ice/Tmut       #.......     100%        4    #####..
 Leda's Liquefaction      Hex/Erth       #.........   100%        4    #####..
 Petrify                  Tmut/Erth      #.......     100%        4    #####..
 Blade Hands              Tmut           #.........   100%        5    ######.
 Lee's Rapid Deconstruct  Erth           #.........   100%        5    ######.


Dungeon Overview and Level Annotations

Branches:
Dungeon (11/15)            Temple (1/1) D:4            Lair (4/6) D:9
  Swamp (0/4) Lair:2
  Snake: Lair:2-4    Spider: Lair:2-4       Orc: D:9-12

Altars:
Ashenzari
Cheibriados
Dithmenos
Elyvilon
Fedhas
Gozag
Hepliaklqana
Kikubaaqudgha
Makhleb
Nemelex Xobeh
Okawaru
Qazlal
Ru
Sif Muna
Trog
Uskayaw
Vehumet
Wu Jian
Xom
Yredelemnul
Zin
The Shining One

Shops:
D:6 [   D:10 [

Annotations:
Lair:4 Nessos


Message History

The basilisk gazes at you.
You easily resist.
Your neqoxec completely misses the basilisk.
Your shadow imp completely misses the basilisk.
Your shadow imp misses the basilisk.
You miss the basilisk.
You feel sick. You block the basilisk's attack.
Your neqoxec closely misses the basilisk.
Your shadow imp hits the basilisk but does no damage.
Your shadow imp hits the basilisk.
The basilisk gazes at you.
You easily resist.
You take 1 damage, and have 57/123 hp.
Your plate armour prevents you from hitting the basilisk.
You feel sick.
Your neqoxec gestures at the basilisk.
The basilisk twists and deforms.
Your shadow imp barely misses the basilisk.
Your shadow imp closely misses the basilisk.
The basilisk bites your neqoxec!
Your shadow imp closely misses the basilisk.
Your neqoxec closely misses the basilisk.
You take 1 damage, and have 56/123 hp.
You pummel the basilisk!!
You kill the basilisk!
Makhleb accepts your kill.
You feel better.
You regained 7 hp, and now have 63/123 hp.
You swap places.
You see here a basilisk corpse.
You start resting.
You feel sick.
An arrow appears from out of your range of vision.
The arrow misses your shadow imp.
You start resting.
An arrow appears from out of your range of vision.
The arrow barely misses your shadow imp.
An arrow appears from out of your range of vision.
The arrow hits your shadow imp!! The arrow burns your shadow imp.
Your shadow imp dies!
Some of the chunks of flesh in your inventory have rotted away.
You swap places.
You feel sick.
You hear a loud twanging sound.
An arrow appears from out of your range of vision.
The arrow hits your shadow imp! The arrow burns your shadow imp.
Your shadow imp dies!
Nessos the Markscentaur comes into view.
He is wielding a +2 longbow of flaming.
Nessos shoots an arrow.
You block the arrow.
Nessos shoots an arrow.
The arrow hits you!! The arrow burns you.
You are more poisoned.
Your neqoxec gestures.
You see here 2 arrows.
You take 25 damage, and have 38/123 hp.
MASSIVE DAMAGE!!
Aim: Nessos, wielding a +2 longbow of flaming and wearing a +0 centaur barding (fast)
Okay, then.
Okay, then.
Okay, then.
As you read the scroll of teleportation, it crumbles to dust.
You feel strangely unstable.
You hear the thunderous beating of a very distant drum.
You feel sick.
Nessos unwields a +2 longbow of flaming.
It stops flaming.
Nessos hits you but does no damage. x2
You take 1 damage, and have 37/123 hp.
You punch Nessos!
You feel sick. You block Nessos's attack. Nessos hits you but does no damage.
You block Nessos's attack.
Your neqoxec hits Nessos. You punch Nessos!
You feel sick. You block Nessos's attack.
Your quasit closely misses Nessos.
Your quasit claws Nessos.
Your quasit claws Nessos but does no damage.
You block Nessos's attack.
Your neqoxec hits Nessos but does no damage.
Your quasit bites Nessos but does no damage.
Your quasit claws Nessos but does no damage. x2
You block Nessos's attack.
You take 1 damage, and have 36/123 hp.
You closely miss Nessos.
Your surroundings seem slightly different.
Nessos wields a +2 longbow of flaming.
It bursts into flame!
Nessos shoots an arrow.
The arrow hits you.
* * * LOW HITPOINT WARNING * * *
You are more poisoned.
Your quasit closely misses Nessos.
Your quasit claws Nessos but does no damage. x2
Your neqoxec hits Nessos.
Nessos shoots an arrow.
The arrow hits you!!
* * * LOW HITPOINT WARNING * * *
You take 18 damage, and have 18/123 hp.
You feel sick.
Nessos blinks!
Nessos shoots an arrow.
The arrow hits your neqoxec! The arrow burns your neqoxec.
Your neqoxec gestures.
You see a puff of smoke.
Nessos shoots an arrow.
The arrow hits your neqoxec! The arrow burns your neqoxec.
Your neqoxec dies!
Your quasit disappears in a puff of smoke!
Your iron imp disappears in a puff of smoke!
You take 2 damage, and have 16/123 hp.
As you read the scroll of teleportation, it crumbles to dust.
You feel strangely unstable.
You feel sick.
Nessos shoots an arrow.
You block the arrow.
Nessos shoots an arrow.
The arrow hits you!!
You die...

# ##.# # #...# ..##### ##
..... #.....## #. #...
#......###########
#...###......#...#....#
#....##.....#....!....
##....(...............
###...(@.#..............
#..P...(.................
.....^.(§P.)#............
#P.....§###.........÷....
.....§..# #####........).
...###... ##......... ...
.#.. #......... .. c....
#......?##P ##.P.
........$.#.


You could see Nessos.

Vanquished Creatures
  Harold (Lair:1)
  A hydra (Lair:2)
  2 two-headed ogres
  Pikel (D:6)
  2 black mambas
  5 elephants (Lair:2)
  6 spiny frogs
  2 rime drakes
  2 komodo dragons
  A troll (D:10)
  A hornet (D:8)
  5 blink frogs
  6 hippogriffs
  A wraith (Lair:4)
  4 hogs (D:7)
  12 yaks
  A human (D:7)
  Eustachio (D:6)
  4 vampire mosquitoes (D:9)
  3 basilisks
  Edmund (D:6)
  A water moccasin (Lair:4)
  A porcupine (Lair:2)
  3 ice beasts
  3 orc warriors
  2 phantoms
  A sky beast (D:6)
  A black bear (Lair:2)
  A necrophage (D:7)
  31 wolves (Lair:2)
  7 ogres
  2 centaurs
  6 crocodiles
  2 big kobolds (D:6)
  Blork the orc (D:6)
  14 bullfrogs
  A wyvern skeleton (D:10)
  4 scorpions
  8 wights
  3 killer bees (D:6)
  A howler monkey (D:4)
  An electric eel (Lair:1)
  7 crimson imps
  5 orc priests
  A centaur zombie (D:9)
  4 bullfrog skeletons
  2 jellies
  6 hounds
  4 orc wizards
  3 centaur skeletons
  4 iguanas
  7 worker ants
  2 hound zombies
  A hound skeleton (D:5)
  A worker ant zombie (D:10)
  7 gnolls
  9 adders
  An adder skeleton (D:5)
  3 worms
  4 dart slugs
  12 leopard geckos
  35 orcs
  4 giant cockroaches
  A goblin (D:1)
  4 hobgoblins
  11 jackals
  5 quokkas
  3 ball pythons
  6 bats
  3 frilled lizards (D:3)
  A jackal skeleton (D:4)
  13 kobolds
  8 rats
333 creatures vanquished.

Vanquished Creatures (collateral kills)
  Josephine (Lair:4)
  A hydra (Lair:3)
  2 black mambas
  A komodo dragon (Lair:3)
  A troll (D:9)
  3 blink frogs
  A bog body (Lair:2)
  4 hippogriffs
  A yak (Lair:1)
  2 wraiths (Lair:4)
  A basilisk (Lair:2)
  A porcupine (Lair:4)
  2 wolves (Lair:2)
  A crocodile (Lair:2)
  A bullfrog (Lair:4)
  2 electric eels (Lair:1)
25 creatures vanquished.

Vanquished Creatures (others)
  An orc priest (D:6)
  An orc wizard (D:6)
  An adder (D:6)
  2 orcs (D:6)
  6 fungi
  13 plants
24 creatures vanquished.

Grand Total: 382 creatures vanquished

Notes
Turn   | Place    | Note
-------+----------+-------------------------------------------
     0 | D:1      | Firecrotchwizard the Hill Orc Fighter began the quest for
                  | the Orb.
     0 | D:1      | Reached XP level 1. HP: 19/19 MP: 1/1
   181 | D:1      | Reached XP level 2. HP: 26/27 MP: 2/2
   688 | D:2      | Reached skill level 3 in Unarmed Combat
   698 | D:2      | Reached skill level 4 in Fighting
   885 | D:2      | Reached XP level 3. HP: 16/33 MP: 3/3
  1644 | D:2      | Reached XP level 4. HP: 26/40 MP: 4/4
  1879 | D:3      | Reached skill level 4 in Shields
  2027 | D:3      | Reached skill level 4 in Unarmed Combat
  2042 | D:3      | HP: 7/41 [gnoll/+0 halberd (7)]
  2380 | D:3      | Reached XP level 5. HP: 39/47 MP: 5/5
  2448 | D:3      | HP: 8/47 [gnoll/+0 whip (6)]
  2827 | D:3      | Found a deep blue altar of Sif Muna.
  3050 | D:3      | Found a radiant altar of Vehumet.
  3133 | D:4      | Found a staircase to the Ecumenical Temple.
  3139 | Temple   | Entered the Ecumenical Temple
  3215 | Temple   | Became a worshipper of Makhleb the Destroyer
  3297 | D:4      | Reached skill level 5 in Fighting
  3297 | D:4      | Reached skill level 5 in Unarmed Combat
  3297 | D:4      | Reached XP level 6. HP: 51/56 MP: 6/6
  3676 | D:4      | Reached skill level 5 in Shields
  3682 | D:4      | Noticed a phantom
  3782 | D:3      | Reached XP level 7. HP: 44/61 MP: 7/7
  4019 | D:4      | Reached skill level 6 in Unarmed Combat
  4384 | D:4      | Reached * piety under Makhleb
  4412 | D:4      | Reached skill level 6 in Fighting
  5326 | D:5      | Entered Level 5 of the Dungeon
  5387 | D:5      | Reached skill level 7 in Unarmed Combat
  5445 | D:5      | Reached XP level 8. HP: 71/71 MP: 8/8
  5918 | D:5      | Reached skill level 6 in Shields
  6177 | D:6      | Noticed Eustachio
  6223 | D:6      | Killed Eustachio
  6223 | D:6      | Reached skill level 7 in Fighting
  6223 | D:6      | Reached skill level 8 in Unarmed Combat
  6230 | D:6      | HP: 18/73 [poisoned by Eustachio]
  6236 | D:6      | HP: 13/73 [poisoned by Eustachio]
  6241 | D:6      | HP: 10/73 [poisoned by Eustachio]
  6246 | D:6      | HP: 9/73 [poisoned by Eustachio]
  6251 | D:6      | HP: 9/73 [poisoned by Eustachio]
  6259 | D:6      | HP: 8/73 [poisoned by Eustachio]
  6829 | D:6      | Noticed Blork the orc
  6838 | D:6      | Killed Blork the orc
  6842 | D:6      | Noticed Pikel
  6850 | D:6      | Found Pinubub's Antique Armour Boutique.
  6852 | D:6      | You are sucked into a shaft!
  6900 | D:7      | Got a bloodstained ring mail
  6901 | D:7      | Identified the cursed +1 ring mail "Ukoteatu" {rElec rF+
                  | Str+3 Int+3} (You found it on level 7 of the Dungeon)
  6993 | D:6      | Killed Pikel
  6993 | D:6      | Reached skill level 7 in Shields
  6993 | D:6      | Reached skill level 9 in Unarmed Combat
  6993 | D:6      | Reached XP level 9. HP: 75/81 MP: 9/9
  7011 | D:6      | Bought a pair of dazzling gloves for 275 gold pieces
  7016 | D:6      | Identified the +1 pair of gloves "Ela Neafyqa" {-Cast Int+6
                  | Dex+5} (You bought it in a shop on level 6 of the Dungeon)
  7060 | D:6      | Reached skill level 8 in Fighting
  7190 | D:6      | Noticed Edmund
  7206 | D:6      | Killed Edmund
  7276 | D:6      | Reached ** piety under Makhleb
  7665 | D:7      | Reached skill level 10 in Unarmed Combat
  7945 | D:6      | HP: 20/82 [poisoned by a killer bee]
  7950 | D:6      | HP: 17/82 [poisoned by a killer bee]
  7956 | D:6      | HP: 14/82 [poisoned by a killer bee]
  7962 | D:6      | HP: 12/82 [poisoned by a killer bee]
  7970 | D:6      | HP: 12/82 [poisoned by a killer bee]
  7978 | D:6      | HP: 12/82 [poisoned by a killer bee]
  8619 | D:7      | Reached skill level 8 in Shields
  8634 | D:7      | Reached skill level 9 in Fighting
  8634 | D:7      | Reached XP level 10. HP: 88/90 MP: 10/10
  8645 | D:7      | Reached skill level 11 in Unarmed Combat
  8751 | D:8      | Noticed a two-headed ogre
  9014 | D:8      | Killed a two-headed ogre
  9014 | D:8      | Reached skill level 9 in Shields
  9109 | D:8      | Reached skill level 10 in Fighting
  9138 | D:8      | HP: 17/92 [orc priest/divine providence (14)]
  9548 | D:8      | Reached *** piety under Makhleb
  9566 | D:8      | Reached skill level 1 in Invocations
  9605 | D:8      | Found an iron altar of Okawaru.
  9613 | D:8      | Got a shimmering iron ring
  9615 | D:8      | Identified the ring "Eciod" {rF+ Int+2} (You found it on
                  | level 8 of the Dungeon)
  9704 | D:8      | Reached skill level 2 in Invocations
 10081 | D:9      | Reached skill level 3 in Invocations
 10108 | D:9      | Reached skill level 10 in Shields
 10124 | D:9      | Found a staircase to the Lair.
 10240 | D:9      | Reached skill level 11 in Fighting
 10243 | D:9      | Reached skill level 4 in Invocations
 10243 | D:9      | Reached XP level 11. HP: 90/101 MP: 12/14
 10554 | D:9      | Reached **** piety under Makhleb
 10568 | D:9      | Reached skill level 5 in Invocations
 10821 | D:10     | Entered Level 10 of the Dungeon
 10882 | D:9      | Noticed a two-headed ogre
 10894 | D:9      | Killed a two-headed ogre
 11682 | D:10     | Reached skill level 6 in Invocations
 11869 | D:10     | Reached skill level 11 in Shields
 12121 | D:10     | Found a sacrificial altar of Ru.
 12132 | D:10     | Found Iroa's Antique Armour Shop.
 12139 | D:10     | Bought a glowing cloak for 172 gold pieces
 12454 | D:11     | Noticed a manticore
 12518 | Lair:1   | Entered Level 1 of the Lair of Beasts
 12524 | Lair:1   | You fall through a shaft!
 12530 | Lair:2   | Found a staircase to the Swamp.
 12541 | Lair:2   | Reached skill level 12 in Fighting
 12751 | Lair:2   | Reached skill level 7 in Invocations
 12870 | Lair:2   | Reached ***** piety under Makhleb
 12972 | Lair:2   | Reached skill level 8 in Invocations
 13263 | Lair:2   | Reached XP level 12. HP: 89/112 MP: 18/18
 13513 | Lair:2   | Reached skill level 9 in Invocations
 13548 | Lair:2   | Reached skill level 12 in Shields
 13555 | Lair:2   | Reached skill level 13 in Fighting
 13569 | Lair:2   | HP: 27/114 [basilisk (8)]
 14042 | Lair:1   | Noticed Harold
 14049 | Lair:1   | Killed Harold
 14469 | Lair:1   | Reached skill level 10 in Invocations
 14943 | Lair:1   | You fall through a shaft!
 15486 | Lair:2   | Noticed an eight-headed hydra
 15490 | Lair:2   | Killed an eight-headed hydra
 16088 | Lair:3   | Noticed a four-headed hydra
 16101 | Lair:3   | Killed a four-headed hydra
 16490 | Lair:3   | Reached skill level 14 in Fighting
 16490 | Lair:3   | Reached XP level 13. HP: 115/123 MP: 20/20
 16494 | Lair:3   | Reached skill level 12 in Unarmed Combat
 16564 | Lair:3   | Reached skill level 13 in Shields
 17411 | Lair:4   | Noticed Josephine
 17423 | Lair:4   | Killed Josephine
 17483 | Lair:4   | Noticed Nessos
 17487 | Lair:4   | HP: 18/123 [Nessos/arrow (18)]
 17489 | Lair:4   | Shot with an arrow by Nessos

Vault maps used:
D:1:      mrwooster_arrival_arrow, minmay_bisected
D:2:      first_ration, interstate_on_off
D:3:      fiery_altar_vehumet, lemuel_blue_sif_altar
D:4:      minmay_temple_entry_nine_rooms, st_stairs_5
D:5:      serial_bayou_lagoon_b
D:6:      cheibrodos_thug_alley, serial_shops, nicolae_shop_trees, uniq_edmund,
          uniq_blork_the_orc, uniq_pikel, uniq_eustachio
D:7:      grunt_livestock
D:8:      okawaru_gym_becter
D:9:      david_lair_generic
D:10:     cheibrodos_elevator_heist, serial_shops, shop, basic_altar
Temple:   grunt_wide_crystal_templ
Lair:1:   wad_woods_river_01, grunt_megastairs_3, uniq_harold
Lair:2:   skrybe_swamp_entry_bodies, grunt_forest_large_clearings
Lair:3:   nicolae_volcano_entry_hallway, grunt_megastairs_1,
          infiniplex_staircase_pool_2
Lair:4:   guppyfry_snake_entry_island, gauntlet_entry_generic, uniq_nessos,
          uniq_josephine

Skill      XL: |  1  2  3  4  5  6  7  8  9 10 11 12 13 |
---------------+----------------------------------------+-----
Unarmed Combat | 3 4 5 7 9 10 11 12 | 12.6
Fighting       | 4 5 6 7 9 11 12 14 | 14.3
Shields        | 4 5 7 8 10 11 12 13 | 13.2
Invocations    | 4 8 10 | 10.3
Armour         | |  3.2

Action                   |  1- 3 |  4- 6 |  7- 9 | 10-12 | 13-15 || total
-------------------------+-------+-------+-------+-------+-------++-------
Melee: Unarmed           |   128 |   227 |   575 |   936 |   108 ||  1974
Throw: Tomahawk          |       |       |       |    59 |       ||    59
Invok: Lesser Servant of |       |       |       |     8 |     4 ||    12
       Major Destruction |       |       |       |    13 |     2 ||    15
       Minor Destruction |       |       |       |     2 |     2 ||     4
Evoke: Wand              |       |       |     3 |     4 |       ||     7
  Use: Potion            |       |     1 |       |     2 |       ||     3
       Scroll            |       |       |     3 |    13 |     2 ||    18
 Stab: Distracted        |       |       |       |     2 |       ||     2
  Eat: Chunk             |     2 |     7 |    13 |    15 |     4 ||    41
       Ration            |       |       |     1 |     3 |       ||     4
Armor: Scale mail        |    50 |    29 |       |       |       ||    79
       Chain mail        |       |    51 |   192 |     2 |       ||   245
       Plate armour      |       |       |       |   350 |    51 ||   401
Dodge: Dodged            |    36 |    40 |    83 |   145 |    22 ||   326
Block: Shield            |    42 |   106 |   236 |   686 |    79 ||  1149

Table legend:
 A = Non-vault XP
 B = Vault XP
 C = Vault XP percentage of total XP
 D = Non-vault monster count
 E = Vault monster count
 F = Vault count percentage of total count
                 A         B        C        D         E       F
            +---------+---------+-------+---------+---------+-------
      Total |   25483 |   12204 |  32.4 |     284 |      74 |  20.7
            +---------+---------+-------+---------+---------+-------
        D:1 |      25 |       1 |   3.8 |      13 |       1 |   7.1
        D:2 |      63 |       0 |   0.0 |      13 |       0 |   0.0
        D:3 |     165 |       0 |   0.0 |      25 |       0 |   0.0
        D:4 |     769 |      38 |   4.7 |      33 |       2 |   5.7
        D:5 |     541 |       0 |   0.0 |      15 |       0 |   0.0
        D:6 |     878 |    1284 |  59.4 |      20 |      14 |  41.2
        D:7 |     477 |    1017 |  68.1 |       6 |       5 |  45.5
        D:8 |    2780 |       0 |   0.0 |      35 |       0 |   0.0
        D:9 |    3190 |     747 |  19.0 |      36 |       4 |  10.0
       D:10 |    1976 |       0 |   0.0 |      23 |       0 |   0.0
     Lair:1 |    1820 |    2485 |  57.7 |      11 |       8 |  42.1
     Lair:2 |    6680 |    4305 |  39.2 |      23 |      35 |  60.3
     Lair:3 |    3802 |     897 |  19.1 |      15 |       1 |   6.2
     Lair:4 |    2317 |    1430 |  38.2 |      16 |       4 |  20.0
            +---------+---------+-------+---------+---------+-------

Vault maps used:
D:1:      mrwooster_arrival_arrow, minmay_bisected
D:2:      first_ration, interstate_on_off
D:3:      fiery_altar_vehumet, lemuel_blue_sif_altar
D:4:      minmay_temple_entry_nine_rooms, st_stairs_5
D:5:      serial_bayou_lagoon_b
D:6:      cheibrodos_thug_alley, serial_shops, nicolae_shop_trees, uniq_edmund,
          uniq_blork_the_orc, uniq_pikel, uniq_eustachio
D:7:      grunt_livestock
D:8:      okawaru_gym_becter
D:9:      david_lair_generic
D:10:     cheibrodos_elevator_heist, serial_shops, shop, basic_altar
Temple:   grunt_wide_crystal_templ
Lair:1:   wad_woods_river_01, grunt_megastairs_3, uniq_harold
Lair:2:   skrybe_swamp_entry_bodies, grunt_forest_large_clearings
Lair:3:   nicolae_volcano_entry_hallway, grunt_megastairs_1,
          infiniplex_staircase_pool_2
Lair:4:   guppyfry_snake_entry_island, gauntlet_entry_generic, uniq_nessos,
          uniq_josephine

Table legend:
 A = Turns spent in this place as a percentage of turns spent in the entire game.
 B = Non-inter-level travel turns spent in this place as a percentage of non-inter-level travel turns spent in the entire game.
 C = Inter-level travel turns spent in this place as a percentage of turns spent in this place.
 D = Turns resting spent in this place as a percentage of non-inter-level travel turns spent in this place.
 E = Turns spent auto-exploring this place as a percentage of non-inter-level travel turns spent in this place.
 F = Non-inter-level travel turns spent in this place divided by the number of levels of this place that you've seen.
                   A       B       C       D       E      F
               +-------+-------+-------+-------+-------+----------------------
         Total | 100.0 | 100.0 |   3.9 |  35.3 |  40.7 | 1050.2
       Dungeon |  71.1 |  70.6 |   4.6 |  34.2 |  42.4 | 1078.5
        Temple |   0.5 |   0.5 |   6.1 |   0.0 |  88.3 |  77.0
          Lair |  28.4 |  28.9 |   2.2 |  38.3 |  35.7 | 1216.0
               +-------+-------+-------+-------+-------+----------------------

Table legend:
 A = Kills in this place as a percentage of kills in entire the game.
 B = Kills by you in this place as a percentage of kills by you in the entire game.
 C = Kills by friends in this place as a percentage of kills by friends in the entire game.
 D = Other kills in this place as a percentage of other kills in the entire game.
 E = Experience gained in this place as a percentage of experience gained in the entire game.
 F = Experience gained in this place divided by the number of levels of this place that you have seen.
                   A       B       C       D       E      F
               +-------+-------+-------+-------+-------+----------------------
         Total | 100.0 | 100.0 | 100.0 |   N/A | 100.0 | 2355.4
       Dungeon |  68.4 |  73.3 |   4.0 |   N/A |  37.0 | 1268.3
          Lair |  31.6 |  26.7 |  96.0 |   N/A |  63.0 | 5934.0
               +-------+-------+-------+-------+-------+----------------------
